 Dungeon Crawl Stone Soup version 0.17-a0-1572-g7a1422d (webtiles) character file.

208 Chiseanne the Skirmisher (level 5, -8/43 HPs)
             Began as a Demonspawn Wanderer on July 26, 2015.
             Mangled by a kobold
             ... wielding a +2 dagger of electrocution
              (14 damage)
             ... on level 2 of the Dungeon.
             The game lasted 00:10:12 (2417 turns).

Chiseanne the Skirmisher (Demonspawn Wanderer)      Turns: 2417, Time: 00:10:12

Health: -8/43      AC:  6    Str: 13    XL:     5   Next: 55%
Magic:  5/5        EV: 11    Int: 12    God:
Gold:   137        SH:  0    Dex: 16    Spells: 0 memorised, 4 levels left

rFire  + . .     SeeInvis .     a - +0 mace
rCold  . . .     Clarity  .     u - +2 robe {rF+}
rNeg   . . .     SustAt   .     (no shield)
rPois  .         Gourm    .     (no helmet)
rElec  .         Spirit   .     (no cloak)
rCorr  .         Warding  .     (no gloves)
rMut   .         Stasis   .     s - +1 pair of boots
MR     .....                    (no amulet)
Stlth  ++........               (no ring)
                                (no ring)

@: not resistant to hostile enchantments, unstealthy
A: thin skeletal structure 1, powered by death 1
a: no special abilities


You were on level 2 of the Dungeon.
You were hungry.

You visited 1 branch of the dungeon, and saw 4 of its levels.

You collected 137 gold pieces.

Inventory:

Hand weapons
 a - a +0 mace (weapon)
 e - a +2 hand crossbow
Missiles
 b - 22 bolts
 i - 73 arrows
 k - 22 sling bullets
 m - 7 curare-tipped needles
 q - 3 tomahawks (quivered)
Armour
 s - a +1 pair of boots (worn)
 u - a +2 robe of fire resistance (worn)
Scrolls
 t - a scroll of amnesia
Potions
 c - a potion of invisibility {unknown}
 g - 2 potions of lignification
 h - a potion of degeneration {unknown}
 j - a potion of resistance {unknown}
 l - a potion of might {unknown}
 n - 2 potions of berserk rage
Comestibles
 f - 3 fruits
 v - a meat ration
 w - 4 bread rations


   Skills:
 * Level 4.4 Fighting
 + Level 3.4 Crossbows
 - Level 1.0 Throwing
 - Level 3.6 Armour
 * Level 0.0 Dodging
 * Level 1.2 Stealth
   Level 1.0 Shields


You had 4 spell levels left.
You didn't know any spells.

Dungeon Overview and Level Annotations

Branches:
Dungeon (4/15)
 Temple: D:4-7

Altars:
Ashenzari
Okawaru

Annotations:
D:3 trantor's ghost, average MiBe


Innate Abilities, Weirdness & Mutations

You have a somewhat thin skeletal structure (Dex +2, Stealth).
You regenerate a little health from kills.


Message History

The jackal misses you. The jackal barely misses you.
You hit the jackal but do no damage.
The jackal is heavily wounded.
The jackal barely misses you. The jackal misses you.
You hit the jackal.
You kill the jackal!
The kobold throws a stone.
The stone hits you.
You barely miss the kobold. The kobold misses you.
You barely miss the kobold. The kobold hits you but does no damage.
You are electrocuted!
The kobold hits you with a dagger of electrocution.
You are electrocuted!
You closely miss the kobold. The kobold hits you but does no damage.
You are electrocuted!
* * * LOW HITPOINT WARNING * * *
You hit the kobold but do no damage.
The kobold hits you with a dagger of electrocution.
* * * LOW HITPOINT WARNING * * *
You are electrocuted!
You die...

#.# #####..... .#
#.#
##.##....##########
#..
..........†........
..#
.........##########
... #####...# ###
#.†## #######..#
+.._..'..#
###@###..# #K# #..#
#h# #.##
.......h.....# .
##...........# .
#............. ..
#............. ..
#............. ..
##############


You could see 2 jackals and a kobold.

Vanquished Creatures
  An orc priest (D:3)
  A worker ant (D:4)
  Terence (D:3)
  A hound skeleton (D:4)
  3 adders (D:3)
  A worm (D:3)
  3 giant geckos
  6 orcs (D:3)
  4 bats
  2 giant cockroaches
  3 goblins
  10 hobgoblins
  12 jackals
  2 quokkas
  2 ball pythons
  5 giant newts
  4 kobolds
  13 rats
74 creatures vanquished.

Notes
Turn   | Place    | Note
--------------------------------------------------------------
     0 | D:1      | Chiseanne the Demonspawn Wanderer began the quest for the Orb.
     0 | D:1      | Chiseanne set off with: a +2 hand crossbow, 30 bolts, a +0 mace, a +0 ring mail, a bread ration
     0 | D:1      | Reached XP level 1. HP: 18/18 MP: 1/1
   260 | D:1      | Gained mutation: You regenerate a little health from kills. [demonic ancestry]
   260 | D:1      | Reached XP level 2. HP: 13/24 MP: 2/2
   751 | D:1      | Found a shattered altar of Ashenzari.
  1187 | D:2      | Reached XP level 3. HP: 24/29 MP: 3/3
  1210 | D:2      | You fall through a shaft for 2 floors!
  1273 | D:3      | Noticed Terence
  1280 | D:3      | Killed Terence
  1284 | D:3      | Noticed trantor's ghost (average MiBe)
  1319 | D:4      | Reached XP level 4. HP: 20/37 MP: 4/4
  1500 | D:3      | Reached skill level 4 in Fighting
  1739 | D:3      | Gained mutation: You have a somewhat thin skeletal structure (Dex +2, Stealth). [demonic ancestry]
  1739 | D:3      | Reached XP level 5. HP: 42/42 MP: 5/5
  2070 | D:3      | Reached skill level 1 in Stealth
  2381 | D:2      | Found an iron altar of Okawaru.
  2417 | D:2      | Mangled by a kobold

Vault maps used:
D:1:      dpeg_arrival_tiny_c, ashenzari_altar_1
D:2:      lemuel_doored_altar, first_bread
D:3:      uniq_terence

Action                   |  1- 3 |  4- 6 || total
-------------------------+-------+-------++-------
Melee: Mace              |   134 |   148 ||   282
 Fire: Hand crossbow     |    11 |    23 ||    34
  Use: Scroll            |     2 |     4 ||     6
 Stab: Sleeping          |       |     1 ||     1
  Eat: Chunk             |     1 |     4 ||     5
